 Dungeon Crawl Stone Soup version 0.32-a0-818-gb728d0252e (webtiles) character file.

Game seed: 1782969145117508793

1217 Lanoc the Ruffian (level 8, -4/68 HPs)
             Began as a Troll Shapeshifter on Mar 24, 2024.
             Was a Believer of Beogh.
             Slain by an orc warrior
             ... wielding a +0 halberd
              (18 damage)
             ... on level 6 of the Dungeon.
             The game lasted 00:04:57 (3604 turns).

Lanoc the Ruffian (Troll Shapeshifter)              Turns: 3604, Time: 00:04:58

Health: -4/68      AC:  7    Str: 25    XL:     8   Next: 22%
Magic:  25/25      EV:  8    Int:  6    God:    Beogh [**....]
Gold:   115        SH:  0    Dex:  9    Spells: 7/7 levels left

rFire   + .          .
                       - Unarmed
rCold   . . .        (no shield)
rNeg    . . .        u - +0 steam dragon scales
rPois   .            (helmet currently unavailable)
rElec   .            (cloak currently unavailable)
rCorr   +            (gloves unavailable)
SInv    .            (boots unavailable)
Will    .....        r - amulet of regeneration
Stlth   +            k - ring "Unkung" {rF+ rCorr MP+9 Slay+4}
HPRegen 1.91/turn    p - ring of magical power
MPRegen 0.19/turn

%: no passive effects
@: beast-form
A: beast (slay +4), large, unfitting armour, claws 3, regeneration 1, shaggy fur
1, tough skin 1
a: Begin Untransformation, Renounce Religion, Smiting


You were on level 6 of the Dungeon.
You worshipped Beogh.
Beogh was pleased with you.
You were a hulking beast.
You visited 2 branches of the dungeon, and saw 7 of its levels.

You collected 206 gold pieces.
You spent 91 gold pieces at shops.

Inventory:

Armour
 u - +0 steam dragon scales (worn)
Jewellery
 k - the ring "Unkung" (left claw) {rF+ rCorr MP+9 Slay+4}
   (You found it on level 2 of the Dungeon)

   [ring of slaying]

   Slay+4:    It affects your accuracy & damage with ranged weapons and melee
   (+4).
   rF+:       It protects you from fire.
   MP+9:      It affects your magic capacity (+9).
   rCorr:     It protects you from acid and corrosion.
 p - a ring of magical power (right claw)
 r - an amulet of regeneration (around neck)
Talismans
 c - a beast talisman (active)
 d - a flux talisman
Wands
 a - a wand of flame (21)
 b - a wand of digging (2)
 x - a wand of mindburst (8)
 z - a wand of polymorph (7)
Scrolls
 f - 5 scrolls of identify {unknown}
 g - a scroll of enchant weapon {unknown}
 h - 2 scrolls of brand weapon {unknown}
 i - a scroll of enchant armour {unknown}
 j - a scroll of butterflies {unknown}
 m - 3 scrolls of fog {unknown}
 n - a scroll of vulnerability {unknown}
 o - 3 scrolls of blinking {unknown}
 s - a scroll of teleportation {unknown}
 y - a scroll of poison {unknown}
Potions
 e - 2 potions of brilliance {unknown}
 l - a potion of curing
 q - a potion of haste
 t - a potion of enlightenment {unknown}
 v - 2 potions of lignification
 w - a potion of might
 A - a potion of attraction {unknown}


   Skills:
 - Level 0.7 Fighting
 - Level 1.5 Dodging
 * Level 7.6 Unarmed Combat
 * Level 7.1 Shapeshifting


You had 7 spell levels left.
You didn't know any spells.
Your spell library was empty.

Dungeon Overview and Level Annotations

Branches:
Dungeon (6/15)             Temple (1/1) D:4

Altars:
Ashenzari
Cheibriados
Dithmenos
Elyvilon
Gozag
Hepliaklqana
Kikubaaqudgha
Makhleb
Nemelex Xobeh
Okawaru
Qazlal
Ru
Sif Muna
Trog
Uskayaw
Vehumet
Wu Jian
Xom
Yredelemnul
Zin
The Shining One

Shops:
D:5 !


Innate Abilities, Weirdness & Mutations

You are a hulking beast.
Your limbs bulge with bestial killing power. (Slay +4)
Your facial features look somewhat orcish.
You are too large for most types of armour.
You have claws for hands.
Your natural rate of healing is unusually fast.
You are covered in fur. (AC +1)
You have tough skin. (AC +1)


Message History

The orc priest calls down the wrath of Beogh upon you.
Pain shoots through your body!
You see here 13 gold pieces.
The orc priest casts a cantrip, but nothing happens.
You scratch the orc priest.
The orc priest is moderately wounded.
The orc priest hits you with a +0 club. The orc closely misses you.
The orc warrior hits you from afar with a +0 halberd.
You scratch the orc priest.
The orc priest is almost dead.
The orc priest hits you with a +0 club. The orc hits you with a +0 hand axe.
The orc warrior barely misses you.
You mangle the orc priest!!
You kill the orc priest!
Beogh accepts your kill.
Beogh appreciates your killing of a heretic priest.
The orc warrior barely misses you. The orc hits you with a +0 hand axe.
You mangle the orc!!
You kill the orc!
Beogh accepts your kill.
You barely miss the orc. The orc hits you but does no damage.
The orc warrior hits you from afar with a +0 halberd!
You claw the orc!
You kill the orc!
Beogh accepts your kill.
The orc warrior hits you from afar with a +0 halberd!
Found a stone staircase leading down.
The orc warrior hits you with a +0 halberd!
* * * LOW HITPOINT WARNING * * *
Things that are here:
a +0 war axe; an orc corpse You scratch the orc warrior but do no damage.
The orc warrior hits you with a +0 halberd!
* * * LOW HITPOINT WARNING * * *
You feel better.
The orc warrior hits you with a +0 halberd!
* * * LOW HITPOINT WARNING * * *
You feel better.
The orc warrior hits you with a +0 halberd!!
You die...

### #.. ##.# #... ##..##
>...##### #####....#
......##### #..[....## ##
......#..###.......##
#..##...#.........[....#
##......o#..........#.###
#.....))h.#........##.#..
...#....###.##.#...###..
#...$##..##.......#..
#.................#..
.............#.......##.
.........>.###..........
##.........# ###........
#......###.. ....#......
.......# ........#......


You could see an orc warrior.

Vanquished Creatures
  Prince Ribbit (D:5)
  A steam dragon (D:4)
  An ogre (D:5)
  A black bear (D:5)
  A phantom (D:5)
  2 scorpions
  A bombardier beetle (D:4)
  A hound (D:5)
  2 jellies
  2 orc priests
  A sleepcap (D:4)
  Jessica (D:2)
  Ijyb (D:5)
  An iguana (D:4)
  An orc wizard (D:5)
  7 adders
  4 gnolls (D:5)
  A white imp (D:5)
  2 ribbon worms (D:2)
  2 dart slugs (D:1)
  10 orcs
  10 ball pythons
  6 bats
  4 endoplasms
  2 giant cockroaches
  10 hobgoblins
  10 jackals
  10 kobolds
  3 quokkas
  7 frilled lizards (D:2)
  6 goblins
  19 rats
131 creatures vanquished.

Vanquished Creatures (others)
  2 orcs
2 creatures vanquished.

Grand Total: 133 creatures vanquished

Notes
Turn   | Place    | Note
-------+----------+-------------------------------------------
     0 | D:1      | Lanoc the Troll Shapeshifter began the quest for the Orb.
     0 | D:1      | Reached XP level 1. HP: 18/18 MP: 0/0
   239 | D:1      | Reached XP level 2. HP: 26/26 MP: 1/1
   872 | D:2      | Reached XP level 3. HP: 32/32 MP: 2/2
  1151 | D:2      | Identified the +1 ring mail of Nihilism {Rampage Slay+3}
  1233 | D:2      | Noticed Jessica
  1242 | D:2      | Killed Jessica
  1243 | D:2      | Reached XP level 4. HP: 40/40 MP: 3/3
  1264 | D:2      | Identified the ring "Unkung" {rF+ rCorr MP+9 Slay+4}
  1931 | D:3      | Found a sparkling altar of Nemelex Xobeh.
  1931 | D:3      | Found a stormy altar of Qazlal.
  1931 | D:3      | Found an iron altar of Okawaru.
  2020 | D:4      | Noticed a scorpion
  2025 | D:4      | Killed a scorpion
  2026 | D:4      | Reached XP level 5. HP: 44/46 MP: 4/4
  2155 | D:4      | Reached skill level 5 in Unarmed Combat
  2338 | D:4      | Became a worshipper of Beogh the Shepherd
  2344 | D:4      | Found a staircase to the Ecumenical Temple.
  2356 | Temple   | Entered the Ecumenical Temple
  2587 | D:4      | Noticed a steam dragon
  2593 | D:4      | Killed a steam dragon
  2594 | D:4      | Reached skill level 5 in Shapeshifting
  2594 | D:4      | Reached XP level 6. HP: 29/54 MP: 5/5
  2693 | D:4      | Reached * piety under Beogh
  2881 | D:5      | Entered Level 5 of the Dungeon
  2882 | D:5      | Noticed Prince Ribbit
  2889 | D:5      | Killed Prince Ribbit
  2890 | D:5      | Reached XP level 7. HP: 53/61 MP: 6/6
  2896 | D:5      | HP: 3/61 [black bear (7)]
  3069 | D:5      | Found Xalemauc's Distillery.
  3078 | D:5      | Bought a potion of curing for 39 gold pieces
  3078 | D:5      | Bought a potion of might for 52 gold pieces
  3176 | D:5      | Reached XP level 8. HP: 64/68 MP: 7/7
  3180 | D:5      | Noticed Ijyb
  3191 | D:5      | Killed Ijyb
  3474 | D:6      | Reached ** piety under Beogh
  3604 | D:6      | Slain by an orc warrior

Illustrated notes

Levels and vault maps discovered:
D:1:      dpeg_arrival_renting, layout_loops_corners
D:2:      layout_basic, minmay_lizard_pond, uniq_jessica
D:3:      layout_basic, gammafunk_temple_overflow_claw,
          dreamdust_princess_corridor
D:4:      layout_loops_ring, minmay_temple_entry_gardened_gates, chequers_jeans,
          minmay_misc_feat_rows, palyth_stone_intersect, minmay_rat_hole
D:5:      layout_cave_pools, serial_shops, nicolae_square_shop,
          supply_closet_lemuel, kennysheep_doodads, uniq_prince_ribbit1,
          uniq_ijyb
D:6:      layout_cave_pools, moated_statue
Temple:   mainiacjoe_temple_bowtie_tessellation

Skill      XL: |  1  2  3  4  5  6  7  8 |
---------------+-------------------------+-----
Unarmed Combat | 4 5 6 7 |  7.6
Shapeshifting  | 4 5 6 7 |  7.1
Fighting       | |  0.7
Dodging        | |  1.5

Action                     |  1- 3 |  4- 6 |  7- 9 || total
---------------------------+-------+-------+-------++-------
  Melee: Unarmed           |    59 |   111 |    71 ||   241
         Punch             |     1 |     2 |     1 ||     4
 Invoke: Convert to Beogh  |       |     1 |       ||     1
    Use: Potion            |       |       |     4 ||     4
 Armour: Animal skin       |    29 |    41 |       ||    70
         Steam dragon scal |       |    16 |    64 ||    80
         Skin              |       |       |    13 ||    13
  Dodge: Dodged            |    27 |    48 |    36 ||   111

Table legend: (Time is in decaauts)
 A = Elapsed time spent in this place.
 B = Non-inter-level travel time spent in this place.
 C = Inter-level travel time spent in this place.
 D = Time resting spent in this place.
 E = Time spent auto-exploring this place.
 F = Levels seen in this place.
 G = Mean time per level.
                   A        B        C        D        E       F      G
               +--------+--------+--------+--------+--------+-----+--------+
         Total |   3563 |   3463 |    100 |      0 |   2843 |   7 |  509.0 |
       Dungeon |   3561 |   3461 |    100 |      0 |   2843 |   6 |  593.5 |
        Temple |      1 |      1 |      0 |      0 |      0 |   1 |    1.0 |
               +--------+--------+--------+--------+--------+-----+--------+

Top non-repeatable levels by time:
     D:1: 864 daAuts
     D:4: 853 daAuts
     D:2: 761 daAuts
     D:5: 541 daAuts
     D:3: 386 daAuts
     D:6: 155 daAuts
  Temple: 1 daAuts
